 Dungeon Crawl Stone Soup version 0.27.1 (console) character file.

Game seed: 3464865518121712423

198 thromnambular the Shooter (level 5, 0/41 HPs)
             Began as a Demonspawn Wanderer on Aug 21, 2021.
             Slain by a scorpion (6 damage)
             ... on level 3 of the Dungeon.
             The game lasted 00:11:33 (3869 turns).

thromnambular the Shooter (Demonspawn Wanderer)     Turns: 3869, Time: 00:11:33

Health: 0/41       AC:  3    Str: 13      XL:     5   Next: 47%
Magic:  9/9        EV: 14    Int:  7 (11) God:
Gold:   124        SH:  0    Dex: 15      Spells: 7/10 levels left

rFire    . . .     SeeInvis .   b - +0 shortbow
rCold    . . .     Faith    .   (shield currently unavailable)
rNeg     + . .     Spirit   .   d - +1 robe
rPois    .         Reflect  .   (no helmet)
rElec    .         Harm     .   (no cloak)
rCorr    .         Rampage  .   (no gloves)
Will     .....                  (no boots)
Stlth    +.........             (no amulet)
HPRegen  0.13/turn              f - ring of positive energy
MPRegen  0.11/turn              (no ring)

@: confused, lethally poisoned (0 -> -4)
A: repulsion field 1, powered by pain 2
a: no special abilities


You were on level 3 of the Dungeon.
You visited 1 branch of the dungeon, and saw 4 of its levels.

You collected 124 gold pieces.

Inventory:

Hand Weapons
 a - a +1 quick blade
 b - a +0 shortbow (weapon)
 i - a +0 dagger
Missiles
 c - 6 arrows (quivered ammo)
 g - 8 datura-tipped darts
Armour
 d - a +1 robe (worn)
Jewellery
 f - a ring of positive energy (left hand)
Scrolls
 e - a scroll of identify {unknown}


   Skills:
 + Level 3.0 Fighting
 + Level 0.4 Short Blades
 - Level 3.1 Bows
 + Level 2.3 Dodging
 + Level 1.0 Stealth
 - Level 1.0 Shields
 - Level 3.0 Spellcasting
 - Level 1.0 Transmutations
 - Level 2.0 Poison Magic


You had 7 spell levels left.
You knew the following spells:

 Your Spells              Type           Power      Damage    Failure   Level
a - Sting                 Tmut/Pois      12%        1d3       19%         1
b - Wereblood             Tmut           2%         N/A       34%         2

Your spell library contained the following spells:

 Spells                   Type           Power      Damage    Failure   Level
 Beastly Appendage        Tmut           4%         N/A       22%         1
 Shock                    Conj/Air       4%         1d3       34%         1
 Poisonous Vapours        Pois/Air       4%         N/A       34%         2
 Spider Form              Tmut/Pois      1%         N/A       50%         3
 Mephitic Cloud           Conj/Pois/Air  1%         N/A       63%         3
 Stone Arrow              Conj/Erth      2%         3d7       71%         3
 Swiftness                Air            1%         N/A       71%         3
 Olgreb's Toxic Radiance  Pois           3%         N/A       83%         4
 Airstrike                Air            0%         N/A       98%         4
 Animate Armour           Summ/Erth      2%         N/A       98%         4
 Lehudib's Crystal Spear  Conj/Erth      0%         10d2      100%        8


Dungeon Overview and Level Annotations

Branches:
Dungeon (4/15)
 Temple: D:4-7

Altars:
Cheibriados
Sif Muna

Shops:
D:2 (


Innate Abilities, Weirdness & Mutations

You are surrounded by a mild repulsion field. (EV +2)
You sometimes gain power by taking damage.


Message History

There is a stone staircase leading down here.
b - a +0 shortbow (weapon)
The scorpion stings you.
Fire: 9 arrows
Press: ? - help, Q - select action, (/) - cycle Shift-Dir - straight line, f - scorpion
Aim: a scorpion (lightly wounded, 60% to hit)
You shoot an arrow.
The arrow hits the scorpion but does no damage.
The scorpion is lightly wounded.
The scorpion barely misses you.
Fire: 8 arrows
Press: ? - help, Q - select action, (/) - cycle Shift-Dir - straight line, f/p - scorpion
Aim: a scorpion (lightly wounded, 60% to hit)
You shoot an arrow. The arrow barely misses the scorpion.
The scorpion closely misses you. The scorpion stings you!
Unknown command.
Fire: 7 arrows
Press: ? - help, Q - select action, (/) - cycle Shift-Dir - straight line, f/p - scorpion
Aim: a scorpion (lightly wounded, 60% to hit)
You shoot an arrow. The arrow barely misses the scorpion.
The scorpion stings you.
* * * LOW HITPOINT WARNING * * *
You aren't carrying any potions.
Okay, then.
There is an escape hatch in the floor here.
The scorpion misses you. Sif Muna's wrath finds you.
You feel dopey. The divine experience confuses you!
You are confused.
You aren't carrying any potions.
You are too confused!
The scorpion stings you but does no damage.
The scorpion stings you.
* * * LOW HITPOINT WARNING * * *
You are poisoned.
The scorpion poisons you!
* * * LOW HITPOINT WARNING * * *
You feel sick.
* * * LOW HITPOINT WARNING * * *
You feel sick. The scorpion stings you.
You die...

..#...#............###.###.#.#
#...#.#.#..##.#..##....# #.#.#
#########.....#..##.#### #...#
....# #..##.####### #.###
....######....##...## #.#
#.......##...##8.>.8## ###
#..####.##.#.#.......# ...#
#.##.#.'..s8.>.#
#..####.##.###..@.(..#
#............##8.<.8##
#.###########.##...## #.#
#.###### ..# ### #.# ###


You could see a scorpion.

Vanquished Creatures
  Natasha (thrice) (D:2)
  5 adders
  A worm (D:3)
  3 dart slugs
  2 orcs (D:3)
  6 bats
  9 endoplasms
  2 giant cockroaches (D:1)
  4 goblins (D:1)
  7 hobgoblins
  5 quokkas
  6 ball pythons
  A frilled lizard (D:3)
  9 kobolds
  4 rats
67 creatures vanquished.

Notes
Turn   | Place    | Note
-------+----------+-------------------------------------------
     0 | D:1      | thromnambular the Demonspawn Wanderer began the quest for
                  | the Orb.
     0 | D:1      | thromnambular set off with the following items: a +0
                  | shortbow, 26 arrows, a +0 kite shield, a +0 robe; and the
                  | following spell memorised: Sting; and the following spells
                  | available to memorise: Poisonous Vapours, Mephitic Cloud,
                  | Olgreb's Toxic Radiance
     0 | D:1      | Reached XP level 1. HP: 15/15 MP: 4/4
   180 | D:1      | Gained mutation: You are surrounded by a mild repulsion
                  | field. (EV +2) [demonic ancestry]
   180 | D:1      | Reached XP level 2. HP: 15/21 MP: 3/6
   473 | D:1      | Learned a level 2 spell: Wereblood
   695 | D:1      | Reached skill level 1 in Dodging
  1091 | D:1      | Gained mutation: You sometimes gain a little power by
                  | taking damage. [demonic ancestry]
  1091 | D:1      | Reached XP level 3. HP: 27/27 MP: 7/7
  1091 | D:1      | Found a faded altar of an unknown god.
  1100 | D:1      | Became a worshipper of Sif Muna the Loreminder
  1100 | D:1      | Reached * piety under Sif Muna
  1139 | D:1      | Fell from the grace of Sif Muna
  1518 | D:2      | Noticed Natasha
  1527 | D:2      | Killed Natasha
  1528 | D:2      | Reached XP level 4. HP: 14/33 MP: 3/8
  1801 | D:2      | Noticed Natasha
  1814 | D:2      | Killed Natasha
  2031 | D:2      | Found Migiococw's Antique Weapon Shoppe.
  2059 | D:2      | Reached skill level 1 in Transmutations
  2179 | D:2      | Noticed Natasha
  2211 | D:2      | Killed Natasha
  2212 | D:2      | Gained mutation: You sometimes gain power by taking damage.
                  | [demonic ancestry]
  2212 | D:2      | Reached XP level 5. HP: 21/40 MP: 6/9
  3125 | D:3      | Found a snail-covered altar of Cheibriados.
  3869 | D:3      | Slain by a scorpion

Illustrated notes

Levels and vault maps discovered:
D:1:      lemuel_arrival_broad_hall, layout_basic, basic_ecumenical_altar,
          minmay_split_cup_small
D:2:      layout_loops_cross, serial_shops, shop, chequers_garden, uniq_natasha
D:3:      layout_basic, mainiacjoe_overflow_surrounded_room, grunt_ministairs_7,
          glass_columns_a, hangedman_feature_mirror, minmay_misc_feat_alley,
          minmay_bisected
D:4:      layout_layer_cave, uniq_edmund, uniq_blork_the_orc, uniq_robin

Skill      XL: |  1  2  3  4  5 |
---------------+----------------+-----
Bows           | 2 3 |  3.1
Dodging        | 1 2 |  2.3
Fighting       | 2 3 |  3.0
Transmutations | 1 |  1.0
Short Blades   | |  0.4
Stealth        | |  1.0
Shields        | |  1.0
Spellcasting   | |  3.0
Poison Magic   | |  2.0

Action                   |  1- 3 |  4- 6 || total
-------------------------+-------+-------++-------
Melee: Dagger            |    13 |       ||    13
       Quick blade       |     4 |    75 ||    79
 Fire: Shortbow          |    57 |    50 ||   107
 Cast: Sting             |    19 |     6 ||    25
Invok: Renounce Religion |     1 |       ||     1
  Use: Potion            |     1 |       ||     1
       Scroll            |       |     6 ||     6
 Stab: Sleeping          |       |     5 ||     5
Armor: Robe              |     9 |     7 ||    16
Dodge: Dodged            |    35 |    42 ||    77
